 Dungeon Crawl Stone Soup version 0.29-a0-419-g77450f2105 (webtiles) character file.

Game seed: 5408325975788050596

63 KhasaRR the Bolt Thrower (level 3, -5/26 HPs)
             Began as a Demonspawn Wanderer on May 18, 2022.
             Was a Priest of Jiyva.
             Slain by a kobold brigand
             ... wielding a +0 rapier of venom
              (10 damage)
             ... on level 3 of the Dungeon.
             The game lasted 00:10:43 (2906 turns).

KhasaRR the Bolt Thrower (Demonspawn Wanderer)      Turns: 2906, Time: 00:10:45

Health: -5/26      AC:  2    Str: 11    XL:     3   Next: 87%
Magic:  5/5        EV: 11    Int: 14    God:    Jiyva [***...]
Gold:   79         SH:  0    Dex: 14    Spells: 3/4 levels left

rFire   . . .      SeeInvis .   a - +0 hand crossbow (vorpal)
rCold   . . .      Faith    .   (no shield)
rNeg    . . .      Spirit   .   d - +0 robe
rPois   .          Reflect  .   (helmet restricted)
rElec   .          Harm     .   (no cloak)
rCorr   +          Rampage  .   (no gloves)
Will    .....                   (no boots)
Stlth   +.........              (no amulet)
HPRegen 1.20/turn               (no ring)
MPRegen 0.53/turn               (no ring)

@: lethally poisoned (-5 -> -13)
A: antennae 1, magic regeneration
a: Renounce Religion, Oozemancy


You were on level 3 of the Dungeon.
You worshipped Jiyva.
Jiyva was most pleased with you.
You visited 1 branch of the dungeon, and saw 3 of its levels.

You collected 79 gold pieces.

Inventory:

Hand Weapons
 a - a +0 vorpal hand crossbow (weapon)
Armour
 d - a +0 robe (worn)
Jewellery
 i - a +6 ring of intelligence
Wands
 b - a wand of polymorph (7)
Scrolls
 c - a scroll of fog
 e - 2 scrolls of vulnerability {unknown}
 f - a scroll of teleportation {unknown}
 h - a scroll of fear {unknown}
 k - a scroll of noise {unknown}
 l - 2 scrolls of identify {unknown}
 n - a scroll of enchant armour {unknown}
Potions
 g - a potion of brilliance {unknown}
 j - a potion of haste {unknown}
 m - a potion of resistance {unknown}
 o - 2 potions of curing {unknown}
 p - a potion of heal wounds {unknown}


   Skills:
 * Level 1.5 Fighting
 + Level 5.1 Crossbows
 * Level 0.7 Dodging
 * Level 1.4 Spellcasting
 * Level 2.2 Summonings
 * Level 1.3 Evocations


You had 3 spell levels left.
You knew the following spells:

 Your Spells              Type           Power      Damage    Failure   Level
a - Summon Small Mammal   Summ           28%        N/A       10%         1

Your spell library contained the following spells:

 Spells                   Type           Power      Damage    Failure   Level
 Sublimation of Blood     Necr           0%         N/A       36%         2
 Summon Guardian Golem    Hex/Summ       4%         N/A       43%         3
 Tukima's Dance           Hex            0%         N/A       58%         3
 Passage of Golubria      Tloc           0%         N/A       94%         4
 Petrify                  Tmut/Erth      0%         N/A       94%         4
 Irradiate                Conj/Tmut      0%         3d13      100%        5
 Yara's Violent Unravell  Hex/Tmut       0%         3d3       100%        5


Dungeon Overview and Level Annotations

Branches:
Dungeon (3/15)

Altars:
Ashenzari
Jiyva

Shops:
D:1 (

Annotations:
D:3 JosephDoom's ghost, amateur DsWn


Innate Abilities, Weirdness & Mutations

You have a pair of small antennae on your head.
You regenerate magic rapidly.


Message History

You shoot a bolt. The bolt barely misses the kobold.
The bolt closely misses the kobold brigand.
Shoot: a) +0 hand crossbow (vorpal)
Press: ? - help, Q - select action, (/) - cycle Shift-Dir - straight line, f/p - kobold
Aim: a kobold, wielding a +0 club (purple smoke, 55% to hit)
You shoot a bolt.
The bolt closely misses the kobold brigand.
The bolt closely misses the kobold.
Shoot: a) +0 hand crossbow (vorpal)
Press: ? - help, Q - select action, (/) - cycle Shift-Dir - straight line, p - kobold You shoot a bolt.
The bolt hits the kobold brigand.
The kobold brigand is heavily wounded.
The kobold brigand closely misses you.
The kobold brigand hits you with a +0 rapier of venom.
You are poisoned.
Shoot: a) +0 hand crossbow (vorpal)
Press: ? - help, Q - select action, (/) - cycle Shift-Dir - straight line, f - kobold brigand
Aim: a kobold brigand, wielding a +0 rapier of venom and quivering poisoned darts (purple smoke, heavily wounded, 55% to hit)
You shoot a bolt. The bolt hits the kobold brigand.
The kobold brigand is heavily wounded.
You feel very sick.
The kobold brigand hits you with a +0 rapier of venom.
You are more poisoned.
Okay, then.
Casting: Summon Small Mammal (safe; 10% risk of failure)
Confirm with . or Enter, or press ? or * to list all spells.
You feel very sick.
The kobold brigand hits you with a +0 rapier of venom.
You are lethally poisoned!
Shoot: a) +0 hand crossbow (vorpal)
Press: ? - help, Q - select action, (/) - cycle Shift-Dir - straight line, f/p - kobold brigand
Aim: a kobold brigand, wielding a +0 rapier of venom and quivering poisoned darts (purple smoke, heavily wounded, ally target, 55% to hit)
You shoot a bolt.
The bolt closely misses the kobold brigand.
The bolt hits the kobold.
You kill the kobold!
* * * LOW HITPOINT WARNING * * *
You feel very sick.
The kobold brigand hits you with a +0 rapier of venom!
You die...

##### #########
##...## #.......#
##.###.## #.#####.#
#.## ##§######.#####.#
#.# #§§r.........#.#
#.#####@####.....#.#.#
#####..#K##
##........#
##.8W##§K##
##.###.#####
#....K#K.# #.# #......
#..###KKK.# #.#
####### ## #?.....'..#
##+## .#####$.###.'.##
##...##
.....##.....#.#
##....<## #
.....###.8.##.##
##.......######


You could see a kobold brigand (ally target), a kobold and a friendly rat
(summoned).

Vanquished Creatures
  An adder (D:2)
  2 dart slugs
  2 orcs (D:3)
  9 ball pythons
  An endoplasm (D:1)
  4 giant cockroaches
  3 goblins
  4 hobgoblins
  3 jackals (D:1)
  2 quokkas
  10 kobolds
  5 rats
46 creatures vanquished.

Vanquished Creatures (others)
  A worm (D:2)
  An endoplasm (D:2)
  3 hobgoblins
  2 ball pythons (D:2)
  2 fungi (D:3)
  2 plants (D:3)
11 creatures vanquished.

Grand Total: 57 creatures vanquished

Notes
Turn   | Place    | Note
-------+----------+-------------------------------------------
     0 | D:1      | KhasaRR the Demonspawn Wanderer began the quest for the
                  | Orb.
     0 | D:1      | KhasaRR set off with the following items: a +0 vorpal hand
                  | crossbow, a wand of polymorph (7), a scroll of fog, a +0
                  | robe; and the following spell memorised: Summon Small
                  | Mammal; and the following spells available to memorise:
                  | Summon Guardian Golem
     0 | D:1      | Reached XP level 1. HP: 15/15 MP: 2/2
   235 | D:1      | Discovered your monstrous ancestry.
   235 | D:1      | Gained mutation: You have a pair of small antennae on your
                  | head. [demonic ancestry]
   235 | D:1      | Reached XP level 2. HP: 21/21 MP: 3/3
   605 | D:1      | Reached skill level 5 in Crossbows
   640 | D:1      | Found Diurie's Antique Weapon Shop.
  1016 | D:2      | Found a faded altar of an unknown god.
  1019 | D:2      | Prayed at the altar of an unknown god.
  1019 | D:2      | Became a worshipper of Jiyva Jaisy the Shapeless
  1019 | D:2      | Reached * piety under Jiyva
  1161 | D:2      | Gained mutation: You regenerate magic rapidly. [demonic
                  | ancestry]
  1161 | D:2      | Reached XP level 3. HP: 22/26 MP: 4/4
  1427 | D:2      | Reached ** piety under Jiyva
  2243 | D:3      | Found a runed translucent gate.
  2244 | D:3      | Found a runed translucent gate.
  2245 | D:3      | Found a runed translucent gate.
  2246 | D:3      | Noticed JosephDoom's ghost (amateur DsWn)
  2247 | D:3      | Noticed a kobold brigand
  2448 | D:3      | Reached *** piety under Jiyva
  2649 | D:3      | Found a broken altar of Ashenzari.
  2906 | D:3      | Slain by a kobold brigand

Illustrated notes

Levels and vault maps discovered:
D:1:      eino_arrival_druids_welcome, layout_basic, serial_shops, shop_statue,
          minmay_pentomino_o2
D:2:      minmay_razor_zed, layout_basic,
          hellmonk_ecumenical_altar_inner_sanctum,
          hangedman_abyss_or_decor_lesser_grid, dreamdust_princess_bridge,
          grunt_ministairs_10, nrook_mini_backslash
D:3:      layout_loops_corners, evilmike_ruin_ashenzari,
          gammafunk_ghost_nasty_kobolds, palyth_stone_intersect

Skill      XL: |  1  2 |
---------------+-------+-----
Crossbows      | 5 |  5.1
Fighting       | |  1.5
Dodging        | |  0.7
Spellcasting   | |  1.4
Summonings     | |  2.2
Evocations     | |  1.3

Action                   || total
-------------------------++-------
 Fire: Hand crossbow     ||   121
 Cast: Summon Small Mamm ||     6
  Use: Scroll            ||     1
Armor: Robe              ||     5
Dodge: Dodged            ||    32

Table legend: (Time is in decaauts)
 A = Elapsed time spent in this place.
 B = Non-inter-level travel time spent in this place.
 C = Inter-level travel time spent in this place.
 D = Time resting spent in this place.
 E = Time spent auto-exploring this place.
 F = Levels seen in this place.
 G = Mean time per level.
                   A        B        C        D        E       F      G
               +--------+--------+--------+--------+--------+-----+--------+
         Total |   2935 |   2771 |    164 |      0 |   2477 |   3 |  978.3 |
       Dungeon |   2935 |   2771 |    164 |      0 |   2477 |   3 |  978.3 |
               +--------+--------+--------+--------+--------+-----+--------+

Top non-repeatable levels by time:
     D:2: 1236 daAuts
     D:3: 892 daAuts
     D:1: 806 daAuts
